Sharks vs Rangers

Created - 9 décembre 2019 at 20:19

Goals
1 2 3 OT1 SO T
Sharks 0 0 2 0 0 2
Rangers 0 0 2 0 1 3
Shots
1 2 3 OT1 SO T
Sharks 10 7 13 1 3 31
Rangers 10 6 17 1 3 34

1st period

No Goal

Penalties :
Sidney Crosby (SJS) for High sticking (Minor) at 14:52

2nd period

No Goal

Penalties :
Mark Borowiecki (SJS) for High sticking (Double Minor) at 2:14

3rd period

1. Rangers , Matt Duchene 14 (Kyle Connor 23, Erik Karlsson 13) at 2:38
2. Sharks , Jonathan Drouin 7 (Gabriel Landeskog 14, Mark Borowiecki 1) at 5:31
3. Sharks , Teuvo Teravainen 4 (Dylan Larkin 6, Tyson Barrie 13) at 16:26
4. Rangers , Erik Karlsson 4 (Brayden Schenn 10, Kyle Connor 24) at 19:26

Penalties :
Kyle Connor (NYR) for Slashing (Minor) at 7:05

Overtime #1

No Goal

Penalties :
No Penalty

Shootout

Sharks, Gabriel Landeskog - Stopped by Philipp Grubauer
Rangers, Kyle Connor - Shot Misses the Net
Sharks, Dylan Larkin - Shot Misses the Net
Rangers, Matt Duchene - Stopped by Darcy Kuemper
Sharks, Jonathan Huberdeau - Stopped by Philipp Grubauer
Rangers, Paul Byron - Goal!

Penalties :
No Penalty

Goalie Stats

Darcy Kuemper (SJS), 32 saves from 34 shots - (0,941), OTL, 14-6-3, 65:00 minutes
Philipp Grubauer (NYR), 29 saves from 31 shots - (0,935), W, 12-6-4, 64:36 minutes

Players Stats for Sharks

Player Name              G  A  P  +/- PIM S  H  SB GA TA FO     MP     PP MP  PK MP  
------------------------------------------------------------------------------------
Alex Pietrangelo         0  0  0  -2  0   2  2  2  1  1  0/0    25:39   1:04   2:51 
Andreas Johnsson         0  0  0  -1  0   0  1  0  0  0  0/1    15:52   0:02   0:00 
Boone Jenner             0  0  0   1  0   2  1  0  0  0  5/11   20:21   0:02   2:46 
Colton Sceviour          0  0  0   1  0   2  4  1  0  0  0/0    21:37   0:00   1:57 
Dylan Larkin             0  1  1   0  0   4  1  0  2  0  17/29  20:58   0:55   2:08 
Gabriel Landeskog        0  1  1   0  0   3  1  1  0  0  0/0    17:59   1:02   0:11 
Jonathan Drouin          1  0  1   1  0   3  0  0  0  1  0/0    19:41   1:02   0:52 
Jonathan Huberdeau       0  0  0  -2  0   4  1  0  0  0  0/1    20:55   0:55   2:43 
Justin Braun             0  0  0   0  0   3  2  2  0  1  0/0    23:02   0:00   2:33 
Kenny Agostino           0  0  0   0  0   0  0  0  0  0  0/0     4:42   0:00   0:00 
Mark Borowiecki          0  1  1   1  4   0  5  1  0  1  0/0    15:30   0:00   0:49 
Michael Raffl            0  0  0   0  0   0  0  0  0  0  0/0     0:03   0:02   0:00 
Robert Thomas            0  0  0   0  0   0  1  0  0  0  1/1     4:35   0:00   0:00 
Shea Theodore            0  0  0  -1  0   2  1  4  0  0  0/0    24:44   1:04   2:56 
Sidney Crosby            0  0  0  -1  2   1  2  1  1  0  12/18  17:38   1:02   0:00 
Teuvo Teravainen         1  0  1   1  0   5  0  0  0  0  0/0    19:25   0:55   1:19 
Tyson Barrie             0  1  1   1  0   0  0  1  0  0  0/0    14:45   0:55   1:13 
Zach Werenski            0  0  0   1  0   0  0  0  0  1  0/0    21:34   0:55   1:34 

Players Stats for Rangers

Player Name              G  A  P  +/- PIM S  H  SB GA TA FO     MP     PP MP  PK MP  
------------------------------------------------------------------------------------
Ben Harpur               0  0  0  -2  0   0  3  1  0  1  0/0    13:44   0:00   0:31 
Brayden Schenn           0  1  1   2  0   3  1  0  0  0  1/3    23:13   2:51   0:53 
Caleb Jones              0  0  0  -2  0   2  2  0  0  0  0/0    16:13   3:00   0:00 
Dan Girardi              0  0  0   0  0   0  4  1  0  0  0/0    22:04   2:20   0:31 
Erik Karlsson            1  1  2   2  0   1  2  0  1  0  0/0    25:09   3:00   0:00 
Jason Spezza             0  0  0   0  0   0  0  0  0  0  0/2     6:27   0:00   0:00 
Jason Zucker             0  0  0  -1  0   3  0  1  1  0  0/0    18:23   2:26   0:00 
Johan Larsson            0  0  0   0  0   0  2  0  0  0  0/1     7:19   0:00   0:52 
Justin Williams          0  0  0  -1  0   2  0  0  0  0  0/0    18:02   2:26   0:00 
Kyle Connor              0  2  2   2  2   3  0  0  1  0  0/0    22:59   2:52   0:00 
Matt Duchene             1  0  1   2  0   5  1  1  1  0  11/25  22:36   2:51   0:00 
Matt Niskanen            0  0  0   2  0   3  1  0  0  1  0/0    23:59   0:38   1:28 
Nazem Kadri              0  0  0  -1  0   1  1  1  0  0  6/10   17:50   2:09   0:00 
Oskar Sundqvist          0  0  0  -1  0   2  0  0  0  0  8/18   14:23   0:41   0:52 
Paul Byron               0  0  0  -1  0   6  1  0  0  0  0/2    13:12   0:00   0:00 
Pierre-Edouard Bellemare 0  0  0   0  0   2  1  0  0  0  0/0     9:10   0:57   1:07 
Ron Hainsey              0  0  0   0  0   1  0  1  0  2  0/0    23:51   2:58   1:28 
Vinnie Hinostroza        0  0  0  -1  0   0  1  0  1  0  0/0    14:26   0:41   0:14 

3 Stars

1 - Erik Karlsson (NYR)
2 - Matt Duchene (NYR)
3 - Darcy Kuemper (SJS)

Power Play

Sharks - 0 on 1 Attempt(s) - 0,00%
Rangers - 0 on 3 Attempt(s) - 0,00%

Penalty Kill

Sharks - 3 on 3 Attempt(s) - 100,00% - Score 0 goal in Penalty Kill
Rangers - 1 on 1 Attempt(s) - 100,00% - Score 0 goal in Penalty Kill

Team Stat

Sharks - Hits : 22 - Faceoff Wins : 35 - Blocked Shots : 13 - Penalty Minutes : 6
Rangers - Hits : 20 - Faceoff Wins : 26 - Blocked Shots : 6 - Penalty Minutes : 2

Official

Referees : Chris Rooney and Jacob Brenk
Linesman : Bryan Pancich and Greg Devorski

Game Notes

5:31 of 3rd period - Sharks goal is going for a video replay. After video review, Goal.

Finance

Level 1 -- Attendance: 5125 (85,42%) -- Ticket Income 512 500 $
Level 2 -- Attendance: 5000 (100,00%) -- Ticket Income 300 000 $
Level 3 -- Attendance: 1955 (97,75%) -- Ticket Income 68 425 $
Level 4 -- Attendance: 3773 (94,33%) -- Ticket Income 75 460 $
Luxury Box -- Attendance: 717 (71,70%) -- Ticket Income 143 400 $
Game was played at the Blue Shirt Stadium.
Total Attendance: 16570 (92,06%)
Total Ticket Income: 1 099 785 $
Other Income: 538 895 $
Total Income: 1 638 680 $

Sharks

5 vs 5 Forward 
   Center                   Left Wing                Right Wing               Time % Phy DF OF 
 1 Sidney Crosby            Andreas Johnsson         Jonathan Huberdeau       34     0   1  4  
 2 Boone Jenner             Gabriel Landeskog        Jonathan Drouin          33     0   1  4  
 3 Dylan Larkin             Teuvo Teravainen         Colton Sceviour          33     0   1  4  
 4 Robert Thomas            Kenny Agostino           Colton Sceviour          0      0   4  1  

5 vs 5 Defense 
   Defense                  Defense                                           Time % Phy DF OF 
 1 Alex Pietrangelo         Shea Theodore                                     35     0   2  3  
 2 Justin Braun             Zach Werenski                                     35     0   2  3  
 3 Tyson Barrie             Mark Borowiecki                                   25     0   3  2  
 4 Mark Borowiecki          Shea Theodore                                     5      0   3  2  

PowerPlay Forward 
   Center                   Left Wing                Right Wing               Time % Phy DF OF 
 1 Sidney Crosby            Gabriel Landeskog        Jonathan Drouin          55     0   0  5  
 2 Dylan Larkin             Teuvo Teravainen         Jonathan Huberdeau       45     0   1  4  

PowerPlay Defense
   Defense                  Defense                                           Time % Phy DF OF 
 1 Alex Pietrangelo         Shea Theodore                                     55     0   1  4  
 2 Zach Werenski            Tyson Barrie                                      45     0   1  4  

Penalty Kill 4 Players Forward 
   Center                   Wing                     Time % Phy DF OF 
 1 Boone Jenner             Jonathan Huberdeau       55     0   5  0  
 2 Dylan Larkin             Colton Sceviour          45     0   5  0  

Penalty Kill 4 Players Defense
   Defense                  Defense                  Time % Phy DF OF 
 1 Alex Pietrangelo         Shea Theodore            55     0   5  0  
 2 Mark Borowiecki          Justin Braun             45     0   5  0  

Penalty Kill - 3 Players Forward 
   Forward                                           Time % Phy DF OF 
 1 Boone Jenner                                      55     0   5  0  
 2 Dylan Larkin                                      45     0   5  0  

Penalty Kill - 3 Players Defense
   Defense                  Defense                  Time % Phy DF OF 
 1 Alex Pietrangelo         Shea Theodore            55     0   5  0  
 2 Mark Borowiecki          Justin Braun             45     0   5  0  

4 vs 4 Forward 
   Center                   Wing                     Time % Phy DF OF 
 1 Gabriel Landeskog        Dylan Larkin             55     0   2  3  
 2 Jonathan Huberdeau       Jonathan Drouin          45     0   2  3  

4 vs 4 Defense
   Defense                  Defense                  Time % Phy DF OF 
 1 Alex Pietrangelo         Shea Theodore            55     0   3  2  
 2 Justin Braun             Mark Borowiecki          45     0   3  2  

Last Minutes Offensive
   Center                   Left Wing                Right Wing               Defense                  Defense                  
   Sidney Crosby            Gabriel Landeskog        Jonathan Huberdeau       Alex Pietrangelo         Justin Braun             

Last Minutes Defensive
   Center                   Left Wing                Right Wing               Defense                  Defense                  
   Dylan Larkin             Gabriel Landeskog        Jonathan Huberdeau       Alex Pietrangelo         Justin Braun             

Goaltenders
Starting : Darcy Kuemper            
Backup : Jake Allen               

Extra Forwards
Normal : Andreas Johnsson, Sidney Crosby, Teuvo Teravainen - PP : Andreas Johnsson, Sidney Crosby - PK : Teuvo Teravainen
Extra Defensemen
Normal : Justin Braun, Shea Theodore, Zach Werenski - PP : Alex Pietrangelo - PK : Shea Theodore, Alex Pietrangelo
Penalty Shots
Gabriel Landeskog, Dylan Larkin, Jonathan Huberdeau, Teuvo Teravainen, Boone Jenner
Custom OT Lines Forwards
Sidney Crosby, Dylan Larkin, Jonathan Huberdeau, Teuvo Teravainen, Boone Jenner, Jonathan Drouin, Andreas Johnsson, Kenny Agostino, Robert Thomas, Gabriel Landeskog
Custom OT Lines Defensemen
Alex Pietrangelo, Justin Braun, Zach Werenski, Shea Theodore, Mark Borowiecki

Scratches
Mirco Mueller (Healthy)

Rangers

5 vs 5 Forward 
   Center                   Left Wing                Right Wing               Time % Phy DF OF 
 1 Matt Duchene             Kyle Connor              Brayden Schenn           35     0   1  4  
 2 Nazem Kadri              Jason Zucker             Justin Williams          32     0   2  3  
 3 Oskar Sundqvist          Vinnie Hinostroza        Paul Byron               23     0   2  3  
 4 Jason Spezza             Pierre-Edouard Bellemare Johan Larsson            10     0   4  1  

5 vs 5 Defense 
   Defense                  Defense                                           Time % Phy DF OF 
 1 Erik Karlsson            Matt Niskanen                                     40     1   2  2  
 2 Dan Girardi              Ron Hainsey                                       36     1   2  2  
 3 Ben Harpur               Caleb Jones                                       24     0   3  2  
 4 Ben Harpur               Caleb Jones                                       0      1   2  2  

PowerPlay Forward 
   Center                   Left Wing                Right Wing               Time % Phy DF OF 
 1 Matt Duchene             Kyle Connor              Brayden Schenn           60     0   1  4  
 2 Nazem Kadri              Jason Zucker             Justin Williams          40     0   1  4  

PowerPlay Defense
   Defense                  Defense                                           Time % Phy DF OF 
 1 Erik Karlsson            Caleb Jones                                       60     0   1  4  
 2 Ron Hainsey              Dan Girardi                                       40     0   1  4  

Penalty Kill 4 Players Forward 
   Center                   Wing                     Time % Phy DF OF 
 1 Johan Larsson            Oskar Sundqvist          60     0   5  0  
 2 Pierre-Edouard Bellemare Vinnie Hinostroza        40     0   5  0  

Penalty Kill 4 Players Defense
   Defense                  Defense                  Time % Phy DF OF 
 1 Matt Niskanen            Ron Hainsey              60     0   5  0  
 2 Ben Harpur               Dan Girardi              40     0   5  0  

Penalty Kill - 3 Players Forward 
   Forward                                           Time % Phy DF OF 
 1 Johan Larsson                                     60     0   5  0  
 2 Oskar Sundqvist                                   40     0   5  0  

Penalty Kill - 3 Players Defense
   Defense                  Defense                  Time % Phy DF OF 
 1 Matt Niskanen            Ron Hainsey              60     0   5  0  
 2 Dan Girardi              Ben Harpur               40     0   5  0  

4 vs 4 Forward 
   Center                   Wing                     Time % Phy DF OF 
 1 Nazem Kadri              Vinnie Hinostroza        60     0   2  3  
 2 Oskar Sundqvist          Paul Byron               40     0   2  3  

4 vs 4 Defense
   Defense                  Defense                  Time % Phy DF OF 
 1 Erik Karlsson            Matt Niskanen            60     0   2  3  
 2 Ron Hainsey              Dan Girardi              40     0   2  3  

Last Minutes Offensive
   Center                   Left Wing                Right Wing               Defense                  Defense                  
   Matt Duchene             Kyle Connor              Brayden Schenn           Erik Karlsson            Matt Niskanen            

Last Minutes Defensive
   Center                   Left Wing                Right Wing               Defense                  Defense                  
   Johan Larsson            Pierre-Edouard Bellemare Oskar Sundqvist          Ben Harpur               Ron Hainsey              

Goaltenders
Starting : Philipp Grubauer         
Backup : Alexandar Georgiev       

Extra Forwards
Normal : Nazem Kadri, Jason Zucker, Paul Byron - PP : Vinnie Hinostroza, Oskar Sundqvist - PK : Pierre-Edouard Bellemare
Extra Defensemen
Normal : Erik Karlsson, Matt Niskanen, Ron Hainsey - PP : Caleb Jones - PK : Ben Harpur, Dan Girardi
Penalty Shots
Kyle Connor, Matt Duchene, Paul Byron, Caleb Jones, Vinnie Hinostroza
Custom OT Lines Forwards
Matt Duchene, Kyle Connor, Brayden Schenn, Jason Zucker, Nazem Kadri, Justin Williams, Pierre-Edouard Bellemare, Vinnie Hinostroza, Oskar Sundqvist, Paul Byron
Custom OT Lines Defensemen
Erik Karlsson, Matt Niskanen, Ron Hainsey, Dan Girardi, Ben Harpur

Scratches
Jason Garrison (Healthy), Alex Nedeljkovic (Healthy)

% Time on Ice - Sharks

Lines # - Real PCT - Wanted PCT - Time Play
Normal Forward
1 - 29% - 34% - 14:52
2 - 32% - 33% - 16:25
3 - 30% - 33% - 15:35
4 - 9% - 0% - 4:35
Normal Defense
1 - 37% - 35% - 18:52
2 - 36% - 35% - 18:45
3 - 24% - 25% - 12:36
4 - 2% - 5% - 1:14
PP Forward
1 - 54% - 55% - 1:04
2 - 46% - 45% - 0:55
PP Defense
1 - 54% - 55% - 1:04
2 - 46% - 45% - 0:55
PK Forward
1 - 63% - 55% - 3:46
2 - 37% - 45% - 2:12
PK Defense
1 - 37% - 55% - 2:12
2 - 63% - 45% - 3:46
PK3 Forward
1 - 0% - 55%
2 - 0% - 45%
PK3 Defense
1 - 0% - 55%
2 - 0% - 45%
44 Forward
1 - 0% - 55%
2 - 0% - 45%
44 Defense
1 - 0% - 55%
2 - 0% - 45%
Last Minute Offensive  - 0:00
Last Minute Defensive  - 0:36
Total
Forward - 60:00
Defense - 60:00

% Time on Ice - Rangers

Lines # - Real PCT - Wanted PCT - Time Play
Normal Forward
1 - 35% - 35% - 17:47
2 - 28% - 32% - 14:23
3 - 25% - 23% - 12:50
4 - 13% - 10% - 6:27
Normal Defense
1 - 39% - 40% - 20:14
2 - 35% - 36% - 18:00
3 - 26% - 24% - 13:09
4 - 0% - 0% - 0:04
PP Forward
1 - 54% - 60% - 3:13
2 - 46% - 40% - 2:45
PP Defense
1 - 50% - 60% - 3:00
2 - 50% - 40% - 2:58
PK Forward
1 - 88% - 60% - 1:45
2 - 12% - 40% - 0:14
PK Defense
1 - 74% - 60% - 1:28
2 - 26% - 40% - 0:31
PK3 Forward
1 - 0% - 60%
2 - 0% - 40%
PK3 Defense
1 - 0% - 60%
2 - 0% - 40%
44 Forward
1 - 0% - 60%
2 - 0% - 40%
44 Defense
1 - 0% - 60%
2 - 0% - 40%
Last Minute Offensive  - 0:36
Last Minute Defensive  - 0:00
Total
Forward - 60:00
Defense - 60:00

Play-by-Play

1st period


0:01 of 1st period - Sidney Crosby wins face-off versus Matt Duchene in neutral zone.
0:06 of 1st period - Wrist shot by Jonathan Huberdeau.
0:06 of 1st period - Shot Hit the Post.
0:14 of 1st period - Slapshot by Matt Duchene.
0:14 of 1st period - Shot Blocked by Sidney Crosby.
0:31 of 1st period - Alex Pietrangelo is hit by Matt Niskanen.
1:33 of 1st period - Backhand shot by Jonathan Drouin.
1:33 of 1st period - Shot Misses the Net.
1:51 of 1st period - Wrist shot by Jonathan Huberdeau.
1:51 of 1st period - Stopped by Philipp Grubauer without a rebound.
1:52 of 1st period - Sidney Crosby wins face-off versus Nazem Kadri in Rangers zone.
2:03 of 1st period - Slapshot by Sidney Crosby.
2:03 of 1st period - Stopped by Philipp Grubauer without a rebound.
2:04 of 1st period - Oskar Sundqvist wins face-off versus Boone Jenner in Rangers zone.
3:13 of 1st period - Pierre-Edouard Bellemare is hit by Mark Borowiecki and loses puck.
3:36 of 1st period - Slapshot by Erik Karlsson.
3:36 of 1st period - Deflect By Vinnie Hinostroza.
3:36 of 1st period - Deflect By Tyson Barrie.
3:36 of 1st period - Shot Blocked by Colton Sceviour.
3:36 of 1st period - Puck is out of play.
3:37 of 1st period - Oskar Sundqvist wins face-off versus Sidney Crosby in Sharks zone.
3:42 of 1st period - Slapshot by Vinnie Hinostroza.
3:42 of 1st period - Deflect By Paul Byron.
3:42 of 1st period - Shot Blocked by Justin Braun.
3:42 of 1st period - Puck is out of play.
3:43 of 1st period - Nazem Kadri wins face-off versus Sidney Crosby in Sharks zone.
4:10 of 1st period - Justin Braun is hit by Vinnie Hinostroza and loses puck.
4:19 of 1st period - Slapshot by Jonathan Huberdeau.
4:19 of 1st period - Stopped by Philipp Grubauer without a rebound.
4:20 of 1st period - Dylan Larkin wins face-off versus Matt Duchene in Rangers zone.
4:21 of 1st period - Snap shot by Teuvo Teravainen.
4:21 of 1st period - Stopped by Philipp Grubauer with a rebound.
5:29 of 1st period - Ron Hainsey is hit by Robert Thomas and loses puck.
6:46 of 1st period - Brayden Schenn is hit by Sidney Crosby and loses puck.
7:10 of 1st period - Snap shot by Justin Williams.
7:10 of 1st period - Stopped by Darcy Kuemper with a rebound.
7:12 of 1st period - Slapshot by Caleb Jones.
7:12 of 1st period - Shot Blocked by Gabriel Landeskog.
7:14 of 1st period - Slapshot by Ben Harpur.
7:14 of 1st period - Shot Blocked by Mark Borowiecki.
7:18 of 1st period - Wrist shot by Jason Zucker.
7:18 of 1st period - Deflect By Tyson Barrie.
7:18 of 1st period - Stopped by Darcy Kuemper with a rebound.
8:29 of 1st period - Icing by Ben Harpur.
8:30 of 1st period - Matt Duchene wins face-off versus Boone Jenner in Rangers zone.
8:35 of 1st period - Snap shot by Kyle Connor.
8:35 of 1st period - Shot Blocked by Shea Theodore.
8:37 of 1st period - Slapshot by Dan Girardi.
8:37 of 1st period - Shot Blocked by Shea Theodore.
8:39 of 1st period - Wrist shot by Brayden Schenn.
8:39 of 1st period - Shot Blocked by Alex Pietrangelo.
8:41 of 1st period - Snap shot by Kyle Connor.
8:41 of 1st period - Deflect By Matt Duchene.
8:41 of 1st period - Stopped by Darcy Kuemper without a rebound.
8:42 of 1st period - Sidney Crosby wins face-off versus Matt Duchene in Sharks zone.
9:09 of 1st period - Erik Karlsson is hit by Colton Sceviour.
9:15 of 1st period - Wrist shot by Justin Williams.
9:15 of 1st period - Shot Blocked by Justin Braun.
9:54 of 1st period - Snap shot by Pierre-Edouard Bellemare.
9:54 of 1st period - Shot Misses the Net.
9:56 of 1st period - Snap shot by Pierre-Edouard Bellemare.
9:56 of 1st period - Stopped by Darcy Kuemper with a rebound.
9:58 of 1st period - Slapshot by Caleb Jones.
9:58 of 1st period - Shot Misses the Net.
11:16 of 1st period - Slapshot by Dylan Larkin.
11:16 of 1st period - Stopped by Philipp Grubauer without a rebound.
11:17 of 1st period - Dylan Larkin wins face-off versus Jason Spezza in Rangers zone.
11:18 of 1st period - Slapshot by Teuvo Teravainen.
11:18 of 1st period - Deflect By Colton Sceviour.
11:18 of 1st period - Stopped by Philipp Grubauer with a rebound.
11:20 of 1st period - Slapshot by Alex Pietrangelo.
11:20 of 1st period - Shot Misses the Net.
11:30 of 1st period - Slapshot by Teuvo Teravainen.
11:30 of 1st period - Stopped by Philipp Grubauer without a rebound.
11:31 of 1st period - Matt Duchene wins face-off versus Dylan Larkin in Rangers zone.
12:14 of 1st period - Vinnie Hinostroza is hit by Colton Sceviour and loses puck.
13:24 of 1st period - Wrist shot by Dylan Larkin.
13:24 of 1st period - Stopped by Philipp Grubauer with a rebound.
13:32 of 1st period - Snap shot by Paul Byron.
13:32 of 1st period - Shot Misses the Net.
13:34 of 1st period - Slapshot by Matt Niskanen.
13:34 of 1st period - Stopped by Darcy Kuemper without a rebound.
13:35 of 1st period - Sidney Crosby wins face-off versus Nazem Kadri in Sharks zone.
13:48 of 1st period - Snap shot by Dan Girardi.
13:48 of 1st period - Shot Blocked by Alex Pietrangelo.
13:50 of 1st period - Slapshot by Ron Hainsey.
13:50 of 1st period - Stopped by Darcy Kuemper without a rebound.
13:51 of 1st period - Matt Duchene wins face-off versus Dylan Larkin in Sharks zone.
14:27 of 1st period - Snap shot by Jonathan Drouin.
14:27 of 1st period - Deflect By Gabriel Landeskog.
14:27 of 1st period - Stopped by Philipp Grubauer with a rebound.
14:36 of 1st period - Off-side.
14:37 of 1st period - Sidney Crosby wins face-off versus Oskar Sundqvist in neutral zone.
14:40 of 1st period - Vinnie Hinostroza is hit by Sidney Crosby and loses puck.
14:52 of 1st period - Minor Penalty to Sidney Crosby for High sticking.
14:53 of 1st period - Matt Duchene wins face-off versus Boone Jenner in Sharks zone.
14:59 of 1st period - Wrist shot by Matt Duchene.
14:59 of 1st period - Stopped by Darcy Kuemper with a rebound.
15:01 of 1st period - Wrist shot by Kyle Connor.
15:01 of 1st period - Shot Blocked by Shea Theodore.
15:03 of 1st period - Slapshot by Caleb Jones.
15:03 of 1st period - Stopped by Darcy Kuemper without a rebound.
15:04 of 1st period - Boone Jenner wins face-off versus Brayden Schenn in Sharks zone.
15:37 of 1st period - Dylan Larkin is hit by Erik Karlsson and loses puck.
16:28 of 1st period - Jonathan Huberdeau is hit by Dan Girardi and loses puck.
16:52 of 1st period - Penalty to Sidney Crosby is over, Sidney Crosby is back on ice.
16:55 of 1st period - Snap shot by Vinnie Hinostroza.
16:55 of 1st period - Shot Misses the Net.
16:57 of 1st period - Slapshot by Matt Niskanen.
16:57 of 1st period - Stopped by Darcy Kuemper without a rebound.
16:58 of 1st period - Robert Thomas wins face-off versus Paul Byron in Sharks zone.
17:10 of 1st period - Paul Byron is hit by Mark Borowiecki and loses puck.
17:41 of 1st period - Matt Niskanen is hit by Justin Braun.
17:45 of 1st period - Snap shot by Jason Zucker.
17:45 of 1st period - Stopped by Darcy Kuemper without a rebound.
17:46 of 1st period - Dylan Larkin wins face-off versus Matt Duchene in Sharks zone.
18:25 of 1st period - Dan Girardi is hit by Andreas Johnsson and loses puck.
18:46 of 1st period - Snap shot by Gabriel Landeskog.
18:46 of 1st period - Shot Misses the Net.
18:48 of 1st period - Backhand shot by Shea Theodore.
18:48 of 1st period - Deflect By Boone Jenner.
18:48 of 1st period - Shot Misses the Net.
18:48 of 1st period - Puck is out of play.
18:49 of 1st period - Dylan Larkin wins face-off versus Matt Duchene in Rangers zone.
18:50 of 1st period - Snap shot by Teuvo Teravainen.
18:50 of 1st period - Stopped by Philipp Grubauer without a rebound.
18:51 of 1st period - Dylan Larkin wins face-off versus Matt Duchene in Rangers zone.
19:35 of 1st period - Icing by Matt Niskanen.
19:36 of 1st period - Nazem Kadri wins face-off versus Andreas Johnsson in Rangers zone.
19:47 of 1st period - Wrist shot by Jonathan Huberdeau.
19:47 of 1st period - Shot Misses the Net.
Goals for this period are 0 for Sharks vs 0 for Rangers.
Shots for this period are 10 for Sharks vs 10 for Rangers.

2nd period


0:01 of 2nd period - Dylan Larkin wins face-off versus Matt Duchene in neutral zone.
0:52 of 2nd period - Snap shot by Jason Zucker.
0:52 of 2nd period - Stopped by Darcy Kuemper without a rebound.
0:53 of 2nd period - Oskar Sundqvist wins face-off versus Dylan Larkin in Sharks zone.
1:29 of 2nd period - Slapshot by Matt Duchene.
1:29 of 2nd period - Shot Blocked by Shea Theodore.
1:31 of 2nd period - Slapshot by Ben Harpur.
1:31 of 2nd period - Deflect By Brayden Schenn.
1:31 of 2nd period - Stopped by Darcy Kuemper with a rebound.
1:33 of 2nd period - Slapshot by Caleb Jones.
1:33 of 2nd period - Stopped by Darcy Kuemper with a rebound.
1:40 of 2nd period - Icing by Boone Jenner.
1:41 of 2nd period - Boone Jenner wins face-off versus Nazem Kadri in Sharks zone.
1:49 of 2nd period - Slapshot by Shea Theodore.
1:49 of 2nd period - Stopped by Philipp Grubauer with a rebound.
1:51 of 2nd period - Wrist shot by Teuvo Teravainen.
1:51 of 2nd period - Shot Blocked by Nazem Kadri.
2:14 of 2nd period - Double Minor Penalty to Mark Borowiecki for High sticking.
2:15 of 2nd period - Matt Duchene wins face-off versus Boone Jenner in Sharks zone.
2:15 of 2nd period - Slapshot by Kyle Connor.
2:15 of 2nd period - Shot Misses the Net.
2:51 of 2nd period - Snap shot by Nazem Kadri.
2:51 of 2nd period - Shot Misses the Net.
4:34 of 2nd period - Jonathan Huberdeau is hit by Pierre-Edouard Bellemare and loses puck.
5:01 of 2nd period - Dan Girardi is hit by Shea Theodore and loses puck.
5:57 of 2nd period - Jason Zucker is hit by Alex Pietrangelo and loses puck.
6:14 of 2nd period - Penalty to Mark Borowiecki is over, Mark Borowiecki is back on ice.
6:24 of 2nd period - Slapshot by Shea Theodore.
6:24 of 2nd period - Stopped by Philipp Grubauer with a rebound.
6:26 of 2nd period - Slapshot by Alex Pietrangelo.
6:26 of 2nd period - Stopped by Philipp Grubauer with a rebound.
6:28 of 2nd period - Slapshot by Alex Pietrangelo.
6:28 of 2nd period - Stopped by Philipp Grubauer without a rebound.
6:29 of 2nd period - Sidney Crosby wins face-off versus Jason Spezza in Rangers zone.
6:47 of 2nd period - Icing by Johan Larsson.
6:48 of 2nd period - Dylan Larkin wins face-off versus Oskar Sundqvist in Rangers zone.
7:25 of 2nd period - Wrist shot by Boone Jenner.
7:25 of 2nd period - Stopped by Philipp Grubauer without a rebound.
7:26 of 2nd period - Sidney Crosby wins face-off versus Nazem Kadri in Rangers zone.
7:51 of 2nd period - Zach Werenski is hit by Ben Harpur and loses puck.
7:58 of 2nd period - Snap shot by Alex Pietrangelo.
7:58 of 2nd period - Shot Blocked by Ben Harpur.
8:18 of 2nd period - Paul Byron is hit by Colton Sceviour and loses puck.
9:56 of 2nd period - Mark Borowiecki is hit by Johan Larsson.
10:02 of 2nd period - Gabriel Landeskog is hit by Caleb Jones and loses puck.
10:07 of 2nd period - Snap shot by Pierre-Edouard Bellemare.
10:07 of 2nd period - Shot Blocked by Tyson Barrie.
10:21 of 2nd period - Snap shot by Nazem Kadri.
10:21 of 2nd period - Stopped by Darcy Kuemper without a rebound.
10:22 of 2nd period - Nazem Kadri wins face-off versus Jonathan Huberdeau in Sharks zone.
11:04 of 2nd period - Ron Hainsey is hit by Mark Borowiecki and loses puck.
11:13 of 2nd period - Mark Borowiecki is hit by Brayden Schenn and loses puck.
11:28 of 2nd period - Sidney Crosby is hit by Paul Byron and loses puck.
11:43 of 2nd period - Backhand shot by Pierre-Edouard Bellemare.
11:43 of 2nd period - Stopped by Darcy Kuemper with a rebound.
12:52 of 2nd period - Kenny Agostino is hit by Johan Larsson and loses puck.
13:13 of 2nd period - Matt Duchene is hit by Boone Jenner and loses puck.
14:09 of 2nd period - Jonathan Drouin is hit by Nazem Kadri.
14:28 of 2nd period - Slapshot by Gabriel Landeskog.
14:28 of 2nd period - Stopped by Philipp Grubauer without a rebound.
14:29 of 2nd period - Brayden Schenn wins face-off versus Sidney Crosby in Rangers zone.
14:44 of 2nd period - Snap shot by Matt Duchene.
14:44 of 2nd period - Stopped by Darcy Kuemper without a rebound.
14:45 of 2nd period - Dylan Larkin wins face-off versus Oskar Sundqvist in Sharks zone.
15:22 of 2nd period - Snap shot by Jonathan Huberdeau.
15:22 of 2nd period - Stopped by Philipp Grubauer with a rebound.
17:14 of 2nd period - Icing by Justin Williams.
17:15 of 2nd period - Sidney Crosby wins face-off versus Paul Byron in Rangers zone.
17:48 of 2nd period - Slapshot by Nazem Kadri.
17:48 of 2nd period - Shot Misses the Net.
19:02 of 2nd period - Sidney Crosby is hit by Ben Harpur and loses puck.
19:11 of 2nd period - Ben Harpur is hit by Mark Borowiecki and loses puck.
Goals for this period are 0 for Sharks vs 0 for Rangers.
Shots for this period are 7 for Sharks vs 6 for Rangers.

3rd period


0:01 of 3rd period - Matt Duchene wins face-off versus Dylan Larkin in neutral zone.
0:06 of 3rd period - Dan Girardi is hit by Justin Braun and loses puck.
0:36 of 3rd period - Off-side.
0:37 of 3rd period - Nazem Kadri wins face-off versus Dylan Larkin in neutral zone.
1:06 of 3rd period - Icing by Zach Werenski.
1:07 of 3rd period - Sidney Crosby wins face-off versus Oskar Sundqvist in Sharks zone.
1:07 of 3rd period - Sidney Crosby is hit by Dan Girardi.
1:37 of 3rd period - Off-side.
1:38 of 3rd period - Matt Duchene wins face-off versus Dylan Larkin in neutral zone.
2:05 of 3rd period - Zach Werenski is hit by Erik Karlsson and loses puck.
2:28 of 3rd period - Wrist shot by Paul Byron.
2:28 of 3rd period - Stopped by Darcy Kuemper without a rebound.
2:29 of 3rd period - Sidney Crosby wins face-off versus Matt Duchene in Sharks zone.
2:38 of 3rd period - Wrist shot by Matt Duchene.
2:38 of 3rd period - Goal by Matt Duchene - Sharks : 0 - Rangers : 1.
2:39 of 3rd period - Matt Duchene wins face-off versus Dylan Larkin in neutral zone.
2:50 of 3rd period - Slapshot by Kyle Connor.
2:50 of 3rd period - Stopped by Darcy Kuemper without a rebound.
2:51 of 3rd period - Dylan Larkin wins face-off versus Brayden Schenn in Sharks zone.
2:58 of 3rd period - Snap shot by Zach Werenski.
2:58 of 3rd period - Deflect By Dylan Larkin.
2:58 of 3rd period - Stopped by Philipp Grubauer without a rebound.
2:59 of 3rd period - Dylan Larkin wins face-off versus Matt Duchene in Rangers zone.
3:08 of 3rd period - Snap shot by Dylan Larkin.
3:08 of 3rd period - Stopped by Philipp Grubauer with a rebound.
3:10 of 3rd period - Snap shot by Justin Braun.
3:10 of 3rd period - Stopped by Philipp Grubauer with a rebound.
3:12 of 3rd period - Slapshot by Justin Braun.
3:12 of 3rd period - Stopped by Philipp Grubauer without a rebound.
3:13 of 3rd period - Matt Duchene wins face-off versus Dylan Larkin in Rangers zone.
3:20 of 3rd period - Snap shot by Kyle Connor.
3:20 of 3rd period - Stopped by Darcy Kuemper without a rebound.
3:21 of 3rd period - Matt Duchene wins face-off versus Dylan Larkin in Sharks zone.
3:26 of 3rd period - Wrist shot by Matt Duchene.
3:26 of 3rd period - Shot Misses the Net.
3:32 of 3rd period - Brayden Schenn is hit by Colton Sceviour and loses puck.
4:29 of 3rd period - Snap shot by Teuvo Teravainen.
4:29 of 3rd period - Deflect By Colton Sceviour.
4:29 of 3rd period - Shot Misses the Net.
4:29 of 3rd period - Puck is out of play.
4:30 of 3rd period - Nazem Kadri wins face-off versus Sidney Crosby in Rangers zone.
4:59 of 3rd period - Off-side.
5:00 of 3rd period - Oskar Sundqvist wins face-off versus Boone Jenner in neutral zone.
5:25 of 3rd period - Snap shot by Gabriel Landeskog.
5:25 of 3rd period - Shot Blocked by Jason Zucker.
5:27 of 3rd period - Slapshot by Gabriel Landeskog.
5:27 of 3rd period - Shot Misses the Net.
5:29 of 3rd period - Slapshot by Jonathan Drouin.
5:29 of 3rd period - Stopped by Philipp Grubauer with a rebound.
5:31 of 3rd period - Snap shot by Jonathan Drouin.
5:31 of 3rd period - Sharks goal is going for a video replay.
5:31 of 3rd period - The goal is good.
5:31 of 3rd period - Goal by Jonathan Drouin - Sharks : 1 - Rangers : 1.
5:32 of 3rd period - Dylan Larkin wins face-off versus Matt Duchene in neutral zone.
5:37 of 3rd period - Wrist shot by Teuvo Teravainen.
5:37 of 3rd period - Stopped by Philipp Grubauer with a rebound.
5:58 of 3rd period - Nazem Kadri is hit by Mark Borowiecki and loses puck.
6:03 of 3rd period - Wrist shot by Jonathan Huberdeau.
6:03 of 3rd period - Stopped by Philipp Grubauer without a rebound.
6:04 of 3rd period - Nazem Kadri wins face-off versus Sidney Crosby in Rangers zone.
6:55 of 3rd period - Wrist shot by Gabriel Landeskog.
6:55 of 3rd period - Stopped by Philipp Grubauer with a rebound.
6:57 of 3rd period - Snap shot by Boone Jenner.
6:57 of 3rd period - Shot Misses the Net.
7:05 of 3rd period - Minor Penalty to Kyle Connor for Slashing.
7:06 of 3rd period - Sidney Crosby wins face-off versus Johan Larsson in Rangers zone.
8:52 of 3rd period - Brayden Schenn is hit by Dylan Larkin and loses puck.
9:05 of 3rd period - Penalty to Kyle Connor is over, Kyle Connor is back on ice.
9:11 of 3rd period - Slapshot by Robert Thomas.
9:11 of 3rd period - Shot Misses the Net.
9:13 of 3rd period - Snap shot by Colton Sceviour.
9:13 of 3rd period - Stopped by Philipp Grubauer with a rebound.
9:53 of 3rd period - Zach Werenski is hit by Ben Harpur and loses puck.
10:26 of 3rd period - Ben Harpur is hit by Gabriel Landeskog and loses puck.
11:37 of 3rd period - Slapshot by Tyson Barrie.
11:37 of 3rd period - Shot Misses the Net.
12:40 of 3rd period - Matt Niskanen is hit by Alex Pietrangelo and loses puck.
13:07 of 3rd period - Snap shot by Paul Byron.
13:07 of 3rd period - Stopped by Darcy Kuemper with a rebound.
13:09 of 3rd period - Wrist shot by Paul Byron.
13:09 of 3rd period - Deflect By Oskar Sundqvist.
13:09 of 3rd period - Stopped by Darcy Kuemper without a rebound.
13:10 of 3rd period - Oskar Sundqvist wins face-off versus Boone Jenner in Sharks zone.
13:13 of 3rd period - Snap shot by Paul Byron.
13:13 of 3rd period - Shot Misses the Net.
13:15 of 3rd period - Slapshot by Dan Girardi.
13:15 of 3rd period - Shot Misses the Net.
13:17 of 3rd period - Wrist shot by Paul Byron.
13:17 of 3rd period - Stopped by Darcy Kuemper without a rebound.
13:18 of 3rd period - Boone Jenner wins face-off versus Matt Duchene in Sharks zone.
13:18 of 3rd period - Boone Jenner is hit by Dan Girardi.
13:32 of 3rd period - Slapshot by Jonathan Drouin.
13:32 of 3rd period - Shot Blocked by Dan Girardi.
14:51 of 3rd period - Backhand shot by Jonathan Drouin.
14:51 of 3rd period - Stopped by Philipp Grubauer without a rebound.
14:52 of 3rd period - Boone Jenner wins face-off versus Matt Duchene in Rangers zone.
15:11 of 3rd period - Slapshot by Matt Duchene.
15:11 of 3rd period - Shot Misses the Net.
16:00 of 3rd period - Gabriel Landeskog is hit by Dan Girardi and loses puck.
16:07 of 3rd period - Snap shot by Brayden Schenn.
16:07 of 3rd period - Deflect By Kyle Connor.
16:07 of 3rd period - Stopped by Darcy Kuemper with a rebound.
16:09 of 3rd period - Snap shot by Brayden Schenn.
16:09 of 3rd period - Stopped by Darcy Kuemper without a rebound.
16:10 of 3rd period - Dylan Larkin wins face-off versus Oskar Sundqvist in Sharks zone.
16:10 of 3rd period - Dylan Larkin is hit by Caleb Jones.
16:24 of 3rd period - Wrist shot by Dylan Larkin.
16:24 of 3rd period - Shot Misses the Net.
16:26 of 3rd period - Wrist shot by Teuvo Teravainen.
16:26 of 3rd period - Goal by Teuvo Teravainen - Sharks : 2 - Rangers : 1.
16:27 of 3rd period - Dylan Larkin wins face-off versus Oskar Sundqvist in neutral zone.
16:38 of 3rd period - Wrist shot by Oskar Sundqvist.
16:38 of 3rd period - Stopped by Darcy Kuemper without a rebound.
16:39 of 3rd period - Dylan Larkin wins face-off versus Oskar Sundqvist in Sharks zone.
16:48 of 3rd period - Snap shot by Paul Byron.
16:48 of 3rd period - Stopped by Darcy Kuemper without a rebound.
16:49 of 3rd period - Oskar Sundqvist wins face-off versus Dylan Larkin in Sharks zone.
16:56 of 3rd period - Backhand shot by Erik Karlsson.
16:56 of 3rd period - Deflect By Paul Byron.
16:56 of 3rd period - Stopped by Darcy Kuemper without a rebound.
16:57 of 3rd period - Dylan Larkin wins face-off versus Oskar Sundqvist in Sharks zone.
17:22 of 3rd period - Jonathan Huberdeau is hit by Matt Duchene and loses puck.
17:33 of 3rd period - Wrist shot by Matt Duchene.
17:33 of 3rd period - Stopped by Darcy Kuemper without a rebound.
17:34 of 3rd period - Oskar Sundqvist wins face-off versus Dylan Larkin in Sharks zone.
17:45 of 3rd period - Slapshot by Paul Byron.
17:45 of 3rd period - Stopped by Darcy Kuemper without a rebound.
17:46 of 3rd period - Oskar Sundqvist wins face-off versus Dylan Larkin in Sharks zone.
18:16 of 3rd period - Matt Duchene is hit by Jonathan Huberdeau and loses puck.
18:36 of 3rd period - Icing by Gabriel Landeskog.
18:37 of 3rd period - Boone Jenner wins face-off versus Oskar Sundqvist in Sharks zone.
18:46 of 3rd period - Slapshot by Gabriel Landeskog.
18:46 of 3rd period - Shot Misses the Net.
18:48 of 3rd period - Wrist shot by Justin Braun.
18:48 of 3rd period - Shot Blocked by Ron Hainsey.
18:50 of 3rd period - Slapshot by Justin Braun.
18:50 of 3rd period - Stopped by Philipp Grubauer without a rebound.
18:51 of 3rd period - Jon Cooper call a timeout for Rangers.
18:51 of 3rd period - Dylan Larkin wins face-off versus Matt Duchene in Rangers zone.
19:02 of 3rd period - Rangers, Philipp Grubauer is pulled from the net.
19:14 of 3rd period - Snap shot by Matt Duchene.
19:14 of 3rd period - Shot Misses the Net.
19:16 of 3rd period - Snap shot by Matt Niskanen.
19:16 of 3rd period - Stopped by Darcy Kuemper with a rebound.
19:18 of 3rd period - Wrist shot by Matt Niskanen.
19:18 of 3rd period - Shot Misses the Net.
19:20 of 3rd period - Slapshot by Kyle Connor.
19:20 of 3rd period - Shot Misses the Net.
19:22 of 3rd period - Slapshot by Erik Karlsson.
19:22 of 3rd period - Shot Misses the Net.
19:24 of 3rd period - Wrist shot by Brayden Schenn.
19:24 of 3rd period - Stopped by Darcy Kuemper with a rebound.
19:26 of 3rd period - Snap shot by Erik Karlsson.
19:26 of 3rd period - Goal by Erik Karlsson - Sharks : 2 - Rangers : 2.
19:26 of 3rd period - Philipp Grubauer from Rangers was sent back in the game.
19:27 of 3rd period - Dylan Larkin wins face-off versus Oskar Sundqvist in neutral zone.
Goals for this period are 2 for Sharks vs 2 for Rangers.
Shots for this period are 13 for Sharks vs 17 for Rangers.

Overtime #1


0:01 of 1st overtime period - Sidney Crosby wins face-off versus Matt Duchene in neutral zone.
0:05 of 1st overtime period - Off-side.
0:06 of 1st overtime period - Matt Duchene wins face-off versus Sidney Crosby in neutral zone.
1:01 of 1st overtime period - Snap shot by Jonathan Drouin.
1:01 of 1st overtime period - Shot Blocked by Matt Duchene.
1:07 of 1st overtime period - Slapshot by Boone Jenner.
1:07 of 1st overtime period - Stopped by Philipp Grubauer with a rebound.
1:09 of 1st overtime period - Wrist shot by Jonathan Drouin.
1:09 of 1st overtime period - Shot Misses the Net.
1:23 of 1st overtime period - Wrist shot by Justin Williams.
1:23 of 1st overtime period - Stopped by Darcy Kuemper with a rebound.
Goals for this period are 0 for Sharks vs 0 for Rangers.
Shots for this period are 1 for Sharks vs 1 for Rangers.

ShootOut


5:00 of 1st overtime period - Round #1.
5:00 of 1st overtime period - Sharks, Gabriel Landeskog.
5:00 of 1st overtime period - Deke by Gabriel Landeskog.
5:00 of 1st overtime period - Stopped by Philipp Grubauer.
5:00 of 1st overtime period - Rangers, Kyle Connor.
5:00 of 1st overtime period - Backhand shot by Kyle Connor.
5:00 of 1st overtime period - Shot Misses the Net.
5:00 of 1st overtime period - Round #2.
5:00 of 1st overtime period - Sharks, Dylan Larkin.
5:00 of 1st overtime period - Wrist shot by Dylan Larkin.
5:00 of 1st overtime period - Shot Misses the Net.
5:00 of 1st overtime period - Rangers, Matt Duchene.
5:00 of 1st overtime period - Snap shot by Matt Duchene.
5:00 of 1st overtime period - Stopped by Darcy Kuemper.
5:00 of 1st overtime period - Round #3.
5:00 of 1st overtime period - Sharks, Jonathan Huberdeau.
5:00 of 1st overtime period - Deke by Jonathan Huberdeau.
5:00 of 1st overtime period - Stopped by Philipp Grubauer.
5:00 of 1st overtime period - Rangers, Paul Byron.
5:00 of 1st overtime period - Wrist shot by Paul Byron.
5:00 of 1st overtime period - Goal by Paul Byron.